 Dungeon Crawl Stone Soup version 0.17-a0-764-gd40c196 (webtiles) character file.

219 RobertPalmer the Ruffian (level 5, -3/45 HPs)
             Began as a Demonspawn Chaos Knight on Apr 23, 2015.
             Slain by a scorpion (6 damage)
             ... on level 4 of the Dungeon.
             The game lasted 00:07:33 (4141 turns).

RobertPalmer the Ruffian (Demonspawn Chaos Knight)  Turns: 4141, Time: 00:07:33

Health: -3/45      AC:  3    Str: 11      XL:     5   Next: 63%
Magic:  5/5        EV: 11    Int: 16      God:    Xom [....*.]
Gold:   1424       SH:  0    Dex: 13 (16) Spells: 0 memorised, 4 levels left

rFire  . . .     SeeInvis .       - Unarmed
rCold  . . .     Clarity  .     a - +2 leather armour
rNeg   . . .     SustAb   .     (no shield)
rPois  .         Gourm    .     (no helmet)
rElec  .         Spirit   .     (no cloak)
rCorr  .         Warding  .     (no gloves)
rMut   .         Stasis   .     (no boots)
MR     .....                    (no amulet)
Stlth  +.........               (no ring)
                                (no ring)

@: lethally poisoned (-3 -> -19), not resistant to hostile enchantments, very
unstealthy
A: hooves 1, thin skeletal structure 1, agile 1, clever 1, deformed body, robust
1, spiny 1, weak 1
a: Renounce Religion


You were on level 4 of the Dungeon.
You worshipped Xom.
You were a beloved toy of Xom.
You were not hungry.

You visited 1 branch of the dungeon, and saw 4 of its levels.

You collected 1424 gold pieces.

Inventory:

Missiles
 l - a throwing net {=f, !d}
Armour
 a - a +2 leather armour (worn)
Jewellery
 o - a cursed ring of teleportation {+/*tele, !d}
   (You found it on level 3 of the Dungeon)
Magical devices
 g - a wand of confusion (0)
   (You found it on level 2 of the Dungeon)
 h - a wand of confusion (27)
   (You found it on level 2 of the Dungeon)
 n - a wand of digging (21)
   (You found it on level 4 of the Dungeon)
Scrolls
 c - a scroll of immolation {unknown}
 d - a scroll of identify
 i - a scroll of amnesia {unknown}
 m - a scroll of noise {unknown}
 p - 2 scrolls of enchant armour {unknown}
 q - a scroll of enchant weapon {unknown}
 s - a scroll of remove curse {unknown}
Potions
 r - a potion of degeneration {!q}
Comestibles
 b - 2 bread rations {@e1}
 j - a meat ration {@e2}
 k - 7 fruits


   Skills:
 - Level 3.0 Fighting
 - Level 1.7 Armour
 - Level 0.8 Dodging
 + Level 5.8 Unarmed Combat


You had 4 spell levels left.
You didn't know any spells.

Dungeon Overview and Level Annotations

Branches:
Dungeon (4/15)
 Temple: D:4-7

Altars:


Innate Abilities, Weirdness & Mutations

You have a somewhat thin skeletal structure (Dex +2, Stealth).
You are partially covered in sharp spines.
You have large cloven feet.
You are agile. (Dex +2)
Your mind is acute. (Int +2)
Armour fits poorly on your strangely shaped body.
You are robust (+10% HP).
You are weak. (Str -2)


Message History

You feel sick.
A bat comes into view.
There is a stone staircase leading down here.
You take 1 damage, and have 18/45 hp.
You feel sick.
You are too injured to fight recklessly!
You are too injured to fight recklessly!
You hit the bat.
You kill the bat!
You feel sick.
You take 1 damage, and have 17/45 hp.
You see here a bat corpse.
You butcher the bat corpse.
t - a chunk of flesh {@w0} You feel sick.
You take 1 damage, and have 16/45 hp.
You feel sick.
You take 1 damage, and have 16/45 hp.
You feel sick.
You take 1 damage, and have 15/45 hp.
You start resting.
You feel sick. x2
You are no longer poisoned.
You take 1 damage, and have 15/45 hp.
Unknown command.
You start resting.
Eating a chunk of flesh {@w0}.
You continue eating. x2
You start waiting.
Done waiting.
Health restored: 45 You offer a prayer to Xom.
Xom toots happily.
The scorpion is too close now for your liking.
A scorpion is nearby!
A scorpion is nearby!
A scorpion is nearby!
You closely miss the scorpion. The scorpion stings you.
You take 5 damage, and have 40/45 hp.
You closely miss the scorpion.
You kick the scorpion, but do no damage. "Hum-dee-hum-dee-hum..."
The scorpion seems to slow down.
You are now a beloved toy of Xom.
The scorpion stings you.
You take 5 damage, and have 35/45 hp.
You hit the scorpion but do no damage. You hit the scorpion but do no damage.
Your kick misses the scorpion. The scorpion barely misses you.
You hit the scorpion but do no damage. The scorpion stings you!
You are poisoned.
The scorpion poisons you!
You take 7 damage, and have 28/45 hp.
You barely miss the scorpion.
You kick the scorpion, but do no damage.
You feel sick.
You take 1 damage, and have 27/45 hp.
You hit the scorpion but do no damage.
You kick the scorpion, but do no damage.
The scorpion stings you!
You are more poisoned.
The scorpion poisons you!
You take 8 damage, and have 19/45 hp.
Unknown command.
You closely miss the scorpion. Your punch misses the scorpion.
You feel sick.
Unknown command.
Drink which item? (? for menu, Esc to quit)
It was a potion of degeneration.
There was something very wrong with that liquid.
You feel clumsy.
You feel sick. The scorpion stings you.
* * * LOW HITPOINT WARNING * * *
You take 7 damage, and have 12/45 hp.
Unknown command.
Drink which item? (? for menu, Esc to quit)
It was a potion of brilliance.
You feel clever all of a sudden.
Xom roars with laughter!
You feel sick. The scorpion stings you.
* * * LOW HITPOINT WARNING * * *
You are more poisoned.
The scorpion poisons you!
You take 6 damage, and have 6/45 hp.
Drink which item? (? for menu, Esc to quit)
It was a potion of cancellation.
Your magical effects are unravelling.
You feel magically purged.
You feel a little less clever now.
* * * LOW HITPOINT WARNING * * *
You feel sick.
You take 2 damage, and have 4/45 hp.
Unknown command.
Read which item? (? for menu, Esc to quit)
Okay, then.
You hit the scorpion but do no damage.
You kick the scorpion, but do no damage.
* * * LOW HITPOINT WARNING * * *
You feel sick. The scorpion stings you.
You die...
Xom is highly amused!

#####....#.########
..................#
##.######.######.#
...# ### #.# ##.# #.#
.. #.# #.#
#..###.#############.#
#....................#
#.####@###############
#s# #.# #.. ###


You could see a scorpion.

Vanquished Creatures
  A worker ant (D:3)
  3 gnolls (D:2)
  7 adders
  An ooze (D:2)
  A worm (D:2)
  3 giant geckos
  An orc (D:3)
  2 ball pythons (D:2)
  10 bats
  6 giant cockroaches
  9 goblins
  9 hobgoblins
  17 jackals
  11 kobolds
  3 quokkas
  3 giant newts
  9 rats
96 creatures vanquished.

Vanquished Creatures (others)
  A scorpion (D:4)
  A fungus (D:4)
2 creatures vanquished.

Grand Total: 98 creatures vanquished

Notes
Turn   | Place    | Note
--------------------------------------------------------------
     0 | D:1      | RobertPalmer, the Demonspawn Chaos Knight, began the quest for the Orb.
     0 | D:1      | Reached XP level 1. HP: 18/18 MP: 1/1
   146 | D:1      | Reached skill level 3 in Unarmed Combat
   174 | D:1      | XOM: harmless Erth miscast
   208 | D:1      | XOM: give mutations
   208 | D:1      | Gained mutation: You are weak. (Str -2) [Xom's mischief]
   208 | D:1      | Gained mutation: Armour fits poorly on your strangely shaped body. [Xom's mischief]
   337 | D:1      | XOM: enchant monster (bad)
   349 | D:1      | Gained mutation: You are partially covered in sharp spines. [demonic ancestry]
   349 | D:1      | Reached XP level 2. HP: 22/24 MP: 2/2
   525 | D:1      | XOM: silly message
   753 | D:1      | XOM: mild Tloc miscast
   809 | D:1      | XOM: scenery: 1 doors close
   822 | D:1      | Reached XP level 3. HP: 20/29 MP: 3/3
  1060 | D:2      | Reached skill level 4 in Unarmed Combat
  1382 | D:2      | HP: 6/29 [gnoll/club (8)]
  1390 | D:2      | HP: 1/29 [gnoll/club (6)]
  1401 | D:2      | XOM: harmless Conj miscast
  1623 | D:1      | XOM: mild Tloc miscast
  1715 | D:2      | XOM: butterfly on damage
  1756 | D:2      | HP: 7/29 [gnoll/club (5)]
  1763 | D:2      | HP: 6/29 [gnoll/club (2)]
  1939 | D:2      | XOM: divination: detect items
  1967 | D:2      | XOM: god gift: 1340 gold pieces
  2158 | D:2      | Gained mutation: You have a somewhat thin skeletal structure (Dex +2, Stealth). [demonic ancestry]
  2158 | D:2      | Reached XP level 4. HP: 35/35 MP: 4/4
  2182 | D:2      | XOM: polymorph jackal -> ball python
  2437 | D:2      | XOM: polymorph adder -> giant gecko
  2465 | D:2      | XOM: enchant monster (good)
  2504 | D:2      | XOM: 2-stop teleportation journey
  2629 | D:2      | XOM: give mutations
  2629 | D:2      | Gained mutation: Your mind is acute. (Int +2) [Xom's grace]
  2629 | D:2      | Gained mutation: You are robust (+10% HP). [Xom's grace]
  2685 | D:2      | Reached skill level 5 in Unarmed Combat
  2930 | D:3      | XOM: vitrification
  2939 | D:3      | XOM: give mutations
  2939 | D:3      | Gained mutation: You have large cloven feet. [Xom's grace]
  2939 | D:3      | Gained mutation: You are agile. (Dex +2) [Xom's grace]
  3134 | D:3      | Reached XP level 5. HP: 45/45 MP: 5/5
  3227 | D:3      | XOM: scenery: 1 doors close
  3479 | D:3      | XOM: vitrification
  3629 | D:3      | XOM: vitrification
  3786 | D:4      | XOM: enchant monster (good)
  3789 | D:4      | XOM: divine lightning (protected)
  4131 | D:4      | XOM: enchant monster (good)
  4139 | D:4      | HP: 11/45 [poisoned by a scorpion]
  4140 | D:4      | HP: 4/45 [poisoned by a scorpion]
  4141 | D:4      | Slain by a scorpion

Action                   |  1- 3 |  4- 6 || total
-------------------------+-------+-------++-------
Melee: Unarmed           |   143 |   188 ||   331
Evoke: Wand              |     4 |     4 ||     8
  Use: Scroll            |       |     3 ||     3
       Potion            |       |     3 ||     3
 Stab: Confused          |     1 |     1 ||     2
       Distracted        |     1 |       ||     1
       Sleeping          |       |     1 ||     1
  Eat: Chunk             |     1 |     4 ||     5
       Meat ration       |     1 |       ||     1

Vault maps used:
D:1:      wheals_arrival_linesprint, kennysheep_doodads, dk_noncrumbling_2
D:2:      hangedman_glass_teeth
D:3:      first_bread
D:4:      old_forge, uniq_natasha, uniq_duvessa

Table legend:
 A = Turns spent in this place as a percentage of turns spent in the entire game.
 B = Non-inter-level travel turns spent in this place as a percentage of non-inter-level travel turns spent in the entire game.
 C = Inter-level travel turns spent in this place as a percentage of turns spent in this place.
 D = Turns resting spent in this place as a percentage of non-inter-level travel turns spent in this place.
 E = Turns spent auto-exploring this place as a percentage of non-inter-level travel turns spent in this place.
 F = Non-inter-level travel turns spent in this place divided by the number of levels of this place that you've seen.
                   A       B       C       D       E      F
               +-------+-------+-------+-------+-------+----------------------
         Total | 100.0 | 100.0 |   0.2 |   2.6 |   7.8 | 342.0
       Dungeon | 100.0 | 100.0 |   0.2 |   2.6 |   7.8 | 342.0
               +-------+-------+-------+-------+-------+----------------------

Table legend:
 A = Kills in this place as a percentage of kills in entire the game.
 B = Kills by you in this place as a percentage of kills by you in the entire game.
 C = Kills by friends in this place as a percentage of kills by friends in the entire game.
 D = Other kills in this place as a percentage of other kills in the entire game.
 E = Experience gained in this place as a percentage of experience gained in the entire game.
 F = Experience gained in this place divided by the number of levels of this place that you have seen.
                   A       B       C       D       E      F
               +-------+-------+-------+-------+-------+----------------------
         Total | 100.0 | 100.0 |  -nan | 100.0 | 100.0 |  78.2
       Dungeon | 100.0 | 100.0 |  -nan | 100.0 | 100.0 |  78.2
               +-------+-------+-------+-------+-------+----------------------
